 Dungeon Sprint DCSS version 0.30-a0-862-g1aabd4f9c5 (webtiles) character file.

Game seed: 16605284940723824746

56 BigDaddyOpFi the Destroyer (level 6, -8/32 HPs)
             Began as a Deep Elf Earth Elementalist on Mar 8, 2023.
             Was an Initiate of Vehumet.
             Mangled by an ice devil (10 damage)
             ... in the Dungeon (Sprint VI: "Thunderdome").
             The game lasted 00:02:24 (332 turns).

BigDaddyOpFi the Destroyer (DEEE)                    Turns: 332, Time: 00:02:25

Health: -8/32      AC:  2    Str:  5    XL:     6   Next: 84%
Magic:  0/19       EV: 15    Int: 22    God:    Vehumet [......]
Gold:   85         SH:  0    Dex: 15    Spells: 17/21 levels left

rFire   + + .      SeeInvis .    p - +1 demon trident (vamp)
rCold   + . .      Faith    .    (no shield)
rNeg    . . .      Spirit   +    a - +0 robe
rPois   +          Reflect  .    (no helmet)
rElec   +          Rampage  .    (no cloak)
rCorr   .          NoTele   +    (no gloves)
Will    .....                    (no boots)
Stlth   +++                      l - amulet "Epiekann" {Spirit rF+}
HPRegen 0.25/turn                m - ring of Allo {rPois rC+ Stlth+}
MPRegen 0.16/turn                n - ring "Fiatod" {rElec rF+}

@: no status effects
A: no striking features
a: Renounce Religion


You were in the Dungeon.
You worshipped Vehumet.
Vehumet was noncommittal.
You visited 1 branch You collected 280 gold pieces.
You spent 195 gold pieces at shops.

Inventory:

Hand Weapons
 o - a +0 dagger
 p - a +1 vampiric demon trident (weapon)
Armour
 a - a +0 robe (worn)
Jewellery
 l - the amulet "Epiekann" (around neck) {Spirit rF+}
   (You bought it in a shop in the Dungeon)

   [amulet of guardian spirit]

   It causes incoming damage to be divided between your reserves of health and
   magic.
   rF:        It protects you from fire.
 m - the ring of Allo (left hand) {rPois rC+ Stlth+}
   (You bought it in a shop in the Dungeon)

   [ring of protection from cold]

   rC:        It protects you from cold.
   rPois:     It protects you from poison.
   Stlth:     It makes you more stealthy.
 n - the ring "Fiatod" (right hand) {rElec rF+}
   (You bought it in a shop in the Dungeon)

   [ring of protection from fire]

   rF:        It protects you from fire.
   rElec:     It insulates you from electricity.
Wands
 i - a wand of quicksilver (5)
 j - a wand of roots (5)
Scrolls
 g - 4 scrolls of blinking
 k - 3 scrolls of fog
Potions
 c - a potion of curing
 d - a potion of heal wounds
 e - 4 potions of haste
 f - a potion of berserk rage
 h - a potion of resistance


   Skills:
 + Level 4.4 Armour
 + Level 7.5 Dodging
 - Level 3.4 Stealth
 + Level 8.3 Spellcasting
 * Level 9.1 Conjurations
 - Level 2.2 Transmutations
 + Level 7.4 Earth Magic


You had 17 spell levels left.
You knew the following spells:

 Your Spells              Type           Power      Damage    Failure   Level
a - Sandblast             Erth           82%        2d17      1%          1
b - Stone Arrow           Conj/Erth      90%        3d12      1%          3

Your spell library contained the following spells:

 Spells                   Type           Power      Damage    Failure   Level
 Passwall                 Tmut/Erth      25%        N/A       1%          2
 Petrify                  Tmut/Erth      30%        N/A       10%         4


Dungeon Overview and Level Annotations

Branches:
Dungeon (1/1)

Altars:
Dithmenos
Fedhas
Gozag
Qazlal
Ru
Sif Muna
Uskayaw
Vehumet
Wu Jian
Xom
Zin
The Shining One

Shops:
D *[???:(


Message History

Press: ? - help, Shift-Dir - straight line, f/p - ice devil
Aim: an ice devil (heavily wounded, 85% to hit)
The blast of sand hits the ice devil.
The ice devil is heavily wounded.
You barely miss the ice devil.
The ice devil is heavily wounded.
The ice devil hits you! The ice devil freezes you! You resist.
You feel much better. The ice devil barely misses you.
Magic courses through your body. The ice devil hits you!
The ice devil freezes you! You resist.
Casting: Sandblast (safe; 1% risk of failure)
Confirm with . or Enter, or press ? or * to list all spells.
Aiming: Stone Arrow (safe; 1% risk of failure)
Press: ? - help, Shift-Dir - straight line, f/p - ice devil
Aim: an ice devil (heavily wounded, 76% to hit)
The stone arrow hits the ice devil!
The ice devil is severely wounded.
The ice devil hits you! The ice devil freezes you. You resist.
Casting: Stone Arrow (safe; 1% risk of failure)
Confirm with . or Enter, or press ? or * to list all spells.
Aiming: Stone Arrow (safe; 1% risk of failure)
Press: ? - help, Shift-Dir - straight line, f/p - ice devil
Aim: an ice devil (severely wounded, 76% to hit)
The stone arrow hits the ice devil.
The ice devil is severely wounded.
The ice devil barely misses you.
Casting: Stone Arrow (safe; 1% risk of failure)
Confirm with . or Enter, or press ? or * to list all spells.
You don't have enough magic to cast this spell.
Casting: Stone Arrow (safe; 1% risk of failure)
Confirm with . or Enter, or press ? or * to list all spells.
Aiming: Sandblast (safe; 1% risk of failure)
Press: ? - help, Shift-Dir - straight line, f/p - ice devil
Aim: an ice devil (severely wounded, 85% to hit)
The blast of sand hits the ice devil but does no damage.
The ice devil is severely wounded.
The ice devil hits you!
* * * LOW HITPOINT WARNING * * *
The ice devil freezes you! You resist.
You die...

##⌠⌠⌠## #.....#
##.....## ##∩.....∩##
#∩.......∩# #_......._#
#_......._# #_......._#
###.......@4###
#⌠...........⌠#
######)8[).......8.##
##.___.[..).###......_.
#∩........8.# #.8.......
.......†....###.........
....†....###...###......
........[# #.<.# ......
....†....# #...#


You could see an ice devil.

Vanquished Creatures
  A red devil (D)
  A water moccasin (D)
  Blork the orc (D)
  An orc priest (D)
  4 adders (D)
  4 orcs (D)
  A ball python (D)
13 creatures vanquished.

Notes
Turn   | Place    | Note
-------+----------+-------------------------------------------
     0 | D        | BigDaddyOpFi the Deep Elf Earth Elementalist began the
                  | quest for the Orb.
     0 | D        | Reached XP level 1. HP: 10/10 MP: 6/6
     1 | D        | Found a blossoming altar of Fedhas.
     1 | D        | Found a shimmering altar of Xom.
     3 | D        | Found a sacrificial altar of Ru.
     3 | D        | Found a glowing silver altar of Zin.
     4 | D        | Found a shimmering blue altar of Sif Muna.
     4 | D        | Found an ornate altar of the Wu Jian Council.
     5 | D        | Found a radiant altar of Vehumet.
     5 | D        | Found a glowing golden altar of the Shining One.
     5 | D        | Round 1.
     6 | D        | Found a shadowy altar of Dithmenos.
     6 | D        | Found Hoxaisaf's Identification Station.
     7 | D        | Found Ishror's Jewellery.
     7 | D        | Found Riapop's Advanced Armour.
    15 | D        | Bought a crude brass amulet for 45 gold pieces
    15 | D        | Identified the amulet "Epiekann" {Spirit rF+} (You bought
                  | it in a shop in the Dungeon)
    15 | D        | Bought a brightly glowing amber ring for 45 gold pieces
    15 | D        | Identified the ring of Allo {rPois rC+ Stlth+} (You bought
                  | it in a shop in the Dungeon)
    15 | D        | Bought a bound lapis lazuli ring for 45 gold pieces
    15 | D        | Identified the ring "Fiatod" {rElec rF+} (You bought it in
                  | a shop in the Dungeon)
    36 | D        | Reached XP level 2. HP: 15/15 MP: 5/8
    69 | D        | Reached skill level 1 in Conjurations
   115 | D        | Reached skill level 1 in Armour
   115 | D        | Reached skill level 2 in Conjurations
   115 | D        | Reached XP level 3. HP: 19/19 MP: 9/11
   116 | D        | Noticed a water moccasin
   119 | D        | Learned a level 3 spell: Stone Arrow
   129 | D        | Found a stormy altar of Qazlal.
   130 | D        | Found Guyriomp's Magic Scroll Shop.
   134 | D        | Killed a water moccasin
   134 | D        | Arena points: 14 (+14) [x2]
   135 | D        | Reached skill level 5 in Dodging
   135 | D        | Reached skill level 5 in Conjurations
   135 | D        | Reached skill level 5 in Earth Magic
   135 | D        | Reached XP level 4. HP: 24/24 MP: 3/14
   135 | D        | Reached XP level 5. HP: 28/28 MP: 3/15
   136 | D        | Found an opulent altar of Gozag.
   136 | D        | Found a hide-covered altar of Uskayaw.
   136 | D        | Found Fofuvvine's Staff Store.
   142 | D        | Found Sesmylal's Magic Scroll Shop.
   142 | D        | Found Zeblostraene's Must-Have Magic.
   152 | D        | Bought a +0 dagger for 60 gold pieces
   156 | D        | Round 2.
   179 | D        | Reached skill level 6 in Conjurations
   181 | D        | Noticed Blork the orc
   199 | D        | Killed Blork the orc
   200 | D        | Reached skill level 7 in Conjurations
   203 | D        | Arena points: 56 (+42) [x3]
   217 | D        | Became a worshipper of Vehumet
   257 | D        | Round 3.
   276 | D        | Noticed a red devil
   284 | D        | Killed a red devil
   285 | D        | Reached skill level 9 in Conjurations
   285 | D        | Reached XP level 6. HP: 32/32 MP: 1/19
   321 | D        | Noticed an ice devil
   332 | D        | Mangled by an ice devil

Illustrated notes

Levels and vault maps discovered:
D:        arena_sprint

Skill      XL: |  1  2  3  4  5 |
---------------+----------------+-----
Dodging        | 3 5 7 |  7.5
Stealth        | 3 |  3.4
Transmutations | 2 |  2.2
Spellcasting   | 4 6 8 |  8.3
Conjurations   | 2 5 9 |  9.1
Earth Magic    | 4 5 7 |  7.4
Armour         | 1 2 4 |  4.4

Action                     |  1- 3 |  4- 6 || total
---------------------------+-------+-------++-------
  Melee: Dagger            |       |     6 ||     6
         Demon trident     |       |     1 ||     1
   Cast: Sandblast         |     8 |     7 ||    15
         Stone Arrow       |     2 |    15 ||    17
    Use: Potion            |       |     6 ||     6
 Armour: Robe              |       |     1 ||     1
  Dodge: Dodged            |     2 |    20 ||    22

Table legend: (Time is in decaauts)
 A = Elapsed time spent in this place.
 B = Non-inter-level travel time spent in this place.
 C = Inter-level travel time spent in this place.
 D = Time resting spent in this place.
 E = Time spent auto-exploring this place.
 F = Levels seen in this place.
 G = Mean time per level.
                   A        B        C        D        E       F      G
               +--------+--------+--------+--------+--------+-----+--------+
         Total |    337 |    337 |      0 |    114 |     45 |   1 |  337.0 |
       Dungeon |    337 |    337 |      0 |    114 |     45 |   1 |  337.0 |
               +--------+--------+--------+--------+--------+-----+--------+

Top non-repeatable levels by time:
       D: 337 daAuts
